 Dungeon Crawl Stone Soup version 0.13-a0-2641-gc68e7bd (console) character file.

91 5ubbak the Vexing (level 3, -2/21 HPs)
             Began as an Octopode Enchanter on Aug 7, 2013.
             Slain by a jackal (3 damage)
             ... on Level 2 of the Dungeon.
             The game lasted 00:04:23 (1647 turns).

5ubbak the Vexing (Octopode Enchanter)              Turns: 1647, Time: 00:04:23

HP  -2/21        AC  1     Str  7      XL: 3   Next:  0%
MP   0/5         EV 12     Int 23      God:
Gold 68          SH  0     Dex 12      Spells:  2 memorised,  1 level left

Res.Fire  : . . .   See Invis. : .   a - +2,+0 dwarf dagger (drain)
Res.Cold  : . . .   Warding    : .   (no shield)
Life Prot.: . . .   Conserve   : .   (helmet restricted)
Res.Poison: .       Res.Corr.  : .   (no amulet)
Res.Elec. : .       Clarity    : .   (no ring)
Sust.Abil.: . .     Spirit.Shd : .   (no ring)
Res.Mut.  : .       Stasis     : .   (no ring)
Res.Rott. : .       Flight     : .   (no ring)
Saprovore : . . .                    (no ring)
                                     (no ring)
                                     (no ring)
                                     (no ring)

@: brilliant, very slightly contaminated, not resistant to hostile enchantments,
quite stealthy
A: almost no armour, amphibious, 8 rings, constrict 8, camouflage 1, AC +1
a: no special abilities


You were on level 2 of the Dungeon.
You were not hungry.

You visited 1 branch of the dungeon, and saw 2 of its levels.

You collected 48 gold pieces.

Inventory:

Hand weapons
 a - a +2,+0 dwarven dagger of draining (weapon)
 j - a +1,+1 dagger {=f}
Missiles
 d - 12 darts (quivered)
Comestibles
 f - a chunk of adder flesh
 l - a chunk of bat flesh
Scrolls
 k - a scroll of enchant weapon II {unknown}
Jewellery
 e - an uncursed ring of protection from magic {unknown}
Books
 c - a book of Maledictions

   Spells                             Type                      Level
   *Corona                            Hexes                        1
   Sure Blade                         Hexes/Charms                 2
   *Ensorcelled Hibernation           Hexes/Ice                    2
   Confuse                            Hexes                        3
   Enslavement                        Hexes                        4
   Invisibility                       Hexes                        6


   Skills:
 + Level 1.0 Short Blades
 - Level 1.0 Throwing
 * Level 2.0 Dodging
 + Level 3.2 Stealth
 + Level 1.0 Spellcasting
 * Level 3.8 Hexes


You had one spell level left.
You knew the following spells:

 Your Spells              Type           Power        Failure   Level  Hunger
a - Corona                Hex            ####...      1%          1    ##.....
b - Ensorcelled Hibernat  Hex/Ice        ###...       1%          2    ###....


Dungeon Overview and Level Annotations

Branches:
Dungeon (2/27)

Altars:


Innate Abilities, Weirdness & Mutations

You cannot wear most types of armour.
You are amphibious.
You can wear up to eight rings at the same time.
You can use your tentacles to constrict many enemies at once.
Your skin changes colour to match your surroundings (Stlth).
Your rubbery body absorbs attacks (AC +1).


Message History

* * * LOW HITPOINT WARNING * * *
The jackal barely misses you.
You barely miss the jackal. Your grab misses the jackal.
You squeeze the jackal, but do no damage.
The jackal closely misses you.
Casting: Ensorcelled Hibernation
Confirm with . or Enter, or press ? or * to list all spells.
Aiming: Ensorcelled Hibernation
Press: ? - help, Shift-Dir - straight line, f - jackal, p - jackal
Aim: a jackal The jackal easily resists.
The jackal bites you.
* * * LOW HITPOINT WARNING * * *
Read which item? (? for menu, Esc to quit)
As you read the scroll labeled FULAGUCK UMOASH, it crumbles to dust.
Nothing appears to happen.
The jackal barely misses you. The jackal misses you.
Read which item? (? for menu, Esc to quit)
As you read the scroll labeled STESEH SHRITOEG, it crumbles to dust.
Your uncursed dwarven dagger of draining glows green for a moment.
It was a scroll of enchant weapon I.
The jackal bites you.
You die...

..##### ....? .
...
.....##.#######
#......hh@.#
####..#.##.####
.....#..h....##
.......####.....#
######......##..#
######%##..#
##.#...# #......#
####..
#......#####......


You could see 2 jackals.

Vanquished Creatures
  A giant gecko (D:1)
  An adder (D:2)
  4 bats
  4 goblins (D:1)
  2 hobgoblins (D:1)
  5 kobolds (D:1)
  2 jackals (D:2)
  An ooze (D:1)
  3 rats (D:1)
23 creatures vanquished.

Notes
Turn   | Place    | Note
--------------------------------------------------------------
     0 | D:1      | 5ubbak, the Octopode Enchanter, began the quest for the Orb.
     0 | D:1      | Reached XP level 1. HP: 11/11 MP: 3/3
   354 | D:1      | Reached XP level 2. HP: 17/17 MP: 4/4
   358 | D:1      | Learned a level 2 spell: Ensorcelled Hibernation
  1629 | D:2      | Reached XP level 3. HP: 8/21 MP: 0/5
  1645 | D:2      | HP: 1/21 [jackal (2)]
  1647 | D:2      | Slain by a jackal

Action                   || total
-------------------------++-------
Melee: Dagger            ||    50
 Cast: Ensorcelled Hiber ||     7
  Use: Scroll            ||     2
       Potion            ||     2
 Stab: Sleeping          ||     7
